 Dungeon Crawl Stone Soup version 0.29.1-12-g30fa7ad0bf (webtiles) character file.

Game seed: 6799936163821319710

3 112233 the Sneak (level 1, -8/18 HPs)
             Began as a Mummy Delver on Dec 18, 2022.
             Blown up by Ijyb (18 damage)
             ... with a mindburst bolt
             ... on level 4 of the Dungeon.
             The game lasted 00:00:55 (805 turns).

112233 the Sneak (Mummy Delver)                      Turns: 805, Time: 00:00:56

Health: -8/18      AC:  3    Str: 15    XL:     1   Next: 41%
Magic:  1/1        EV: 11    Int:  9    God:
Gold:   14         SH:  0    Dex: 13    Spells: 0/0 levels left

rFire   x . .      SeeInvis .   e - +0 dagger (venom)
rCold   + . .      Faith    .   (no shield)
rNeg    + + +      Spirit   .   b - +0 leather armour
rPois   ∞          Reflect  .   (no helmet)
rElec   .          Harm     .   (no cloak)
rCorr   .          Rampage  .   (no gloves)
Will    .....                   (no boots)
Stlth   ++........              (no amulet)
HPRegen 0.06/turn               (no ring)
MPRegen 0.07/turn               (no ring)

@: no status effects
A: cold resistance 1, negative energy resistance 3, torment resistance 2, heat
vulnerability 1, no potions
a: no special abilities


You were on level 4 of the Dungeon.
You visited 2 branches of the dungeon, and saw 3 of its levels.

You collected 14 gold pieces.

Inventory:

Hand Weapons
 a - a +0 falchion
 e - a +0 dagger of venom (weapon)
Armour
 b - a +0 leather armour (worn)
Wands
 f - a wand of digging (3)
Scrolls
 c - a scroll of fog
 d - a scroll of magic mapping


   Skills:
 * Level 3.1 Fighting
 - Level 1.6 Long Blades
 - Level 1.6 Dodging
 - Level 4.1 Stealth


You couldn't memorise any spells.
You didn't know any spells.
Your spell library was empty.

Dungeon Overview and Level Annotations

Branches:
Dungeon (5/15)             Temple (1/1) D:4

Altars:
Dithmenos
Fedhas
Gozag
Hepliaklqana
Kikubaaqudgha
Makhleb
Okawaru
Qazlal
Uskayaw
Xom

Annotations:
D:4 Ijyb


Innate Abilities, Weirdness & Mutations

You are immune to poison.
Your flesh is cold resistant. (rC+)
You are immune to negative energy. (rN+++)
You are immune to unholy pain and torment.
You are vulnerable to heat. (rF-)
You do not drink.


Message History

Where to? (Enter - Temple @ (x,y), ? - help)
There is an ancient bone altar of Kikubaaqudgha here.
There is a staircase back to the Dungeon here.
You climb upwards.
There is a staircase to the Ecumenical Temple here.
Unknown command.
Ijyb the Twisted Goblin comes into view.
She is wielding a +0 club and carrying a wand of mindburst (9).
The helpless Ijyb fails to defend herself.
You puncture Ijyb!
Ijyb is severely wounded.
Ijyb drinks a potion.
Ijyb is healed!
Unknown command.
You closely miss Ijyb. You barely miss Ijyb.
Ijyb zaps a wand.
You barely resist. You hit Ijyb but do no damage.
Ijyb is poisoned.
Ijyb hits you with a +0 club.
Unknown command.
You hit Ijyb but do no damage.
Ijyb looks as sick as possible!
Ijyb is lightly wounded.
Ijyb zaps a wand.
You barely resist. You hit Ijyb but do no damage.
Ijyb looks as sick as possible!
Ijyb is moderately wounded.
Ijyb closely misses you.
You hit Ijyb.
Ijyb is moderately wounded.
Ijyb hits you with a +0 club.
You barely miss Ijyb.
Ijyb is moderately wounded.
Ijyb closely misses you.
You hit Ijyb but do no damage.
Ijyb looks as sick as possible!
Ijyb is heavily wounded.
Ijyb misses you.
Unknown command.
You hit Ijyb but do no damage.
Ijyb looks as sick as possible!
Ijyb is heavily wounded.
Ijyb hits you with a +0 club.
You barely miss Ijyb.
Ijyb is heavily wounded.
Ijyb zaps a wand.
Your mind is blasted!
Ouch! That really hurt!
You die...

...####.### .#
#.# ###.# #.#
#.#.# #.# #.#.##
#.# #..... ..
#.###.#.####.#
#.#..........##
#..............
####...#.#@###...
##......#.#g#
#..8⌠...#.#.#
#.........#.#
.###..8⌠.>...#.#
.............#.#
......8⌠.....#.#
.#...........#.#
.......#......#


You could see Ijyb (extremely poisoned).

Vanquished Creatures
  2 quokkas
  A goblin (D:4)
3 creatures vanquished.

Notes
Turn   | Place    | Note
-------+----------+-------------------------------------------
     0 | D:5      | 112233 the Mummy Delver began the quest for the Orb.
     0 | D:5      | Reached XP level 1. HP: 18/18 MP: 1/1
   145 | D:4      | Noticed a hound
   269 | D:5      | Noticed a jelly
   273 | D:4      | Found a staircase to the Ecumenical Temple.
   286 | Temple   | Entered the Ecumenical Temple
   793 | D:4      | Noticed Ijyb
   805 | D:4      | Blown up by Ijyb

Illustrated notes

Levels and vault maps discovered:
D:4:      layout_basic, minmay_temple_entry_drinking_statues, serial_shops,
          shop, uniq_ijyb
D:5:      layout_basic, biasface_ghost_orc_armoury, uniq_pikel, uniq_edmund
Temple:   eino_wide_crystal_templ

Action                   || total
-------------------------++-------
Melee: Falchion          ||    19
       Dagger            ||    12
  Use: Scroll            ||     1
 Stab: Sleeping          ||     2
Armor: Leather armour    ||     7
Dodge: Dodged            ||    17
